 Dungeon Crawl Stone Soup version 0.28.0-43-g3370ac3207 (webtiles) character file.

Game seed: 6561736113627530336

71 vvl the Chiller (level 4, -1/32 HPs)
             Began as a Demonspawn Ice Elementalist on Mar 9, 2022.
             Slain by an orc wizard
             ... wielding a +0 dagger
              (4 damage)
             ... on level 5 of the Dungeon.
             The game lasted 00:06:08 (3401 turns).

vvl the Chiller (Demonspawn Ice Elementalist)       Turns: 3401, Time: 00:06:10

Health: -1/32      AC:  3    Str:  5 (8)  XL:     4   Next: 5%
Magic:  7/7        EV: 12    Int: 17 (18) God:
Gold:   67         SH:  0    Dex: 13 (14) Spells: 7/8 levels left

rFire   . . .      SeeInvis .   j - +0 long sword
rCold   . . .      Faith    .   (no shield)
rNeg    . . .      Spirit   .   a - +0 robe
rPois   .          Reflect  .   (no helmet)
rElec   .          Harm     .   (no cloak)
rCorr   .          Rampage  .   (no gloves)
Will    .....                   (no boots)
Stlth   ++........              (no amulet)
HPRegen 0.10/turn               e - ring of wizardry
MPRegen 0.10/turn               o - +4 ring of slaying

@: brilliant
A: sharp scales 1
a: no special abilities


You were on level 5 of the Dungeon.
You visited 1 branch of the dungeon, and saw 5 of its levels.

You collected 67 gold pieces.

Inventory:

Hand Weapons
 b - a +0 short sword
 j - a +0 long sword (weapon)
Armour
 a - a +0 robe (worn)
Jewellery
 e - a ring of wizardry (left hand)
 i - a ring of protection from cold
 o - a +4 ring of slaying (right hand)
 q - a ring of protection from cold
Scrolls
 c - a scroll of silence {unknown}
 g - a scroll of immolation {unknown}
 h - a scroll of holy word {unknown}
 k - a scroll of fog {unknown}
 l - a scroll of teleportation {unknown}
 m - a scroll of brand weapon {unknown}
 n - 2 scrolls of enchant weapon {unknown}
 p - a scroll of blinking {unknown}
Potions
 d - a potion of degeneration
 r - a potion of curing {unknown}


   Skills:
 + Level 1.5 Fighting
 - Level 2.0 Dodging
 - Level 2.0 Stealth
 + Level 2.5 Spellcasting
 + Level 1.6 Necromancy
 + Level 4.0 Ice Magic


You had 7 spell levels left.
You knew the following spells:

 Your Spells              Type           Power      Damage    Failure   Level
a - Freeze                Ice            92%        1d10      1%          1

Your spell library contained the following spells:

 Spells                   Type           Power      Damage    Failure   Level
 Frozen Ramparts          Ice            46%        1d6       4%          3
 Ozocubu's Armour         Ice            23%        N/A       4%          3
 Hailstorm                Conj/Ice       13%        3d5       32%         4
 Fulminant Prism          Conj/Hex       1%         3d6       56%         4
 Iskenderun's Mystic Bla  Conj/Tloc      3%         2d3       56%         4
 Lee's Rapid Deconstruct  Erth           1%         3d5*      87%         5


Dungeon Overview and Level Annotations

Branches:
Dungeon (5/15)
 Temple: D:4-7

Altars:
Vehumet


Innate Abilities, Weirdness & Mutations

You are partially covered in razor-sharp scales. (AC +1, Slay +1)


Message History

The orc wizard gestures at you while chanting.
The magic dart hits you!
The orc wizard hits you with a +0 dagger.
You freeze the orc wizard.
The orc wizard is lightly wounded.
The orc wizard casts a spell.
The orc wizard flickers and vanishes!
Deactivating autopickup; reactivate with Ctrl-A.
You miss something. Something hits you but does no damage. Something hits you.
You hit something but do no damage. Something hits you but does no damage.
You miss something. Something hits you.
You barely miss something. Something hits you. x2
* * * LOW HITPOINT WARNING * * *
You miss something. Something hits you but does no damage.
It was a potion of degeneration.
There was something very wrong with that liquid.
You feel weakened.
You feel dopey.
You feel clumsy. Something hits you.
* * * LOW HITPOINT WARNING * * *
It was a potion of brilliance.
You feel clever all of a sudden. Something hits you.
* * * LOW HITPOINT WARNING * * *
There is a stone staircase leading down here.
You hear some strange, mumbled words.
Something tries to affect you, but you resist.
You climb downwards.
Reactivating autopickup.
Found a stone staircase leading down.
There is a stone staircase leading up here.
Something hits you but does no damage.
Deactivating autopickup; reactivate with Ctrl-A.
You miss something. Something hits you but does no damage.
You miss something.
You hear some strange, mumbled words.
A magic dart appears from out of thin air!
The magic dart hits you.
* * * LOW HITPOINT WARNING * * *
Something hits you.
You die...

###########
####.........#
...........>.##
.............⌠#
......{@.....#
##############


There were no monsters in sight!

Vanquished Creatures
  An adder (D:4)
  An adder skeleton (D:4)
  A dart slug (D:1)
  An orc (D:4)
  A ball python (D:1)
  4 bats
  7 endoplasms
  3 giant cockroaches
  7 hobgoblins
  4 kobolds
  3 quokkas
  2 frilled lizards
  6 goblins
  10 rats
51 creatures vanquished.

Vanquished Creatures (others)
  3 plants (D:1)
3 creatures vanquished.

Grand Total: 54 creatures vanquished

Notes
Turn   | Place    | Note
-------+----------+-------------------------------------------
     0 | D:1      | vvl the Demonspawn Ice Elementalist began the quest for the
                  | Orb.
     0 | D:1      | Reached XP level 1. HP: 13/13 MP: 3/3
   253 | D:1      | Gained mutation: You are partially covered in razor-sharp
                  | scales. (AC +1, Slay +1) [demonic ancestry]
   253 | D:1      | Reached XP level 2. HP: 14/20 MP: 0/5
   878 | D:1      | Noticed a floating eye
   880 | D:1      | Found a faded altar of an unknown god.
   884 | D:1      | Noticed an eye of devastation
   884 | D:1      | Noticed a golden eye
   884 | D:1      | Noticed a golden eye
   907 | D:1      | Reached skill level 1 in Necromancy
  1157 | D:1      | Reached skill level 1 in Fighting
  1157 | D:1      | Reached XP level 3. HP: 26/26 MP: 4/6
  2486 | D:4      | Found a radiant altar of Vehumet.
  2528 | D:4      | Reached skill level 4 in Ice Magic
  2946 | D:4      | Reached XP level 4. HP: 28/32 MP: 7/7
  3398 | D:5      | Entered Level 5 of the Dungeon
  3401 | D:5      | Slain by an orc wizard

Illustrated notes

Levels and vault maps discovered:
D:1:      ebering_hopf_link, layout_basic,
          hellmonk_ecumenical_altar_watching_god, serial_forest,
          infiniplex_forest_straight_2, infiniplex_forest_end_3,
          infiniplex_forest_straight_4, infiniplex_forest_lined_3,
          infiniplex_forest_clump_curved, infiniplex_forest_clump_double,
          infiniplex_forest_clump_long, infiniplex_forest_clump_double,
          infiniplex_forest_clump_cross, minmay_crystal_room,
          minmay_tetromino_i2
D:2:      layout_basic
D:3:      kb_forest_paths, layout_basic, mainiacjoe_overflow_boulevard
D:4:      layout_basic, fiery_altar_vehumet
D:5:      minmay_goblin_kobold_castle, layout_basic, xom_redecorated,
          minmay_temple_entry_tees

Skill      XL: |  1  2  3 |
---------------+----------+-----
Stealth        | 2 |  2.0
Dodging        | 2 |  2.0
Necromancy     | 1 |  1.6
Fighting       | 1 |  1.5
Ice Magic      | 4 |  4.0
Spellcasting   | |  2.5

Action                   |  1- 3 |  4- 6 || total
-------------------------+-------+-------++-------
Melee: Unarmed           |    21 |       ||    21
       Short sword       |    79 |       ||    79
       Long sword        |    27 |    11 ||    38
 Cast: Freeze            |    28 |     2 ||    30
  Use: Potion            |       |     2 ||     2
 Stab: Sleeping          |     5 |       ||     5
Armor: Robe              |    40 |     6 ||    46
Dodge: Dodged            |   100 |     1 ||   101
